 Dungeon Crawl Stone Soup version 0.28-a0-580-ga2639ab843 (webtiles) character file.

Game seed: 8343155274810845437

90615 freelancePsychic the Warrior (level 16, -9/141 HPs)
             Began as a Hill Orc Fighter on Oct 2, 2021.
             Was the Champion of Hepliaklqana.
             Mangled by an orc warlord (27 damage)
             ... in a bailey on Oct 3, 2021.
             The game lasted 01:12:56 (28586 turns).

freelancePsychic the Warrior (Hill Orc Fighter)    Turns: 28586, Time: 01:12:56

Health: -9/141     AC: 31    Str: 20    XL:     16   Next: 1%
Magic:  22/22      EV:  7    Int:  5    God:    Hepliaklqana [******]
Gold:   1065       SH:  5    Dex: 14    Spells: 15/15 levels left

rFire   + + .      SeeInvis .   a - +4 broad axe (freeze)
rCold   . . .      Faith    +   c - +0 buckler
rNeg    + . .      Spirit   .   Y - +2 plate armour {rPois}
rPois   +          Reflect  .   X - +0 helmet
rElec   +          Harm     .   o - +2 cloak
rCorr   .          Rampage  .   (no gloves)
Will    ++...      Clarity  +   h - +2 pair of boots
Stlth   ..........              U - amulet of Sockoces {Faith Will+}
HPRegen 0.33/turn               p - ring of Hirrakiusm {+Blink rElec rF+ Int-3 Slay+6}
MPRegen 0.18/turn               D - ring of the Transparent Cherry {rF+ rN+ AC+4}

@: mighty
A: reduced essence, clarity, weak 1
a: Renounce Religion, Evoke Blink, Recall Ancestor, Ancestor Identity,
Transference, Idealise


You were in a bailey.
You worshipped Hepliaklqana.
Hepliaklqana was exalted by your worship.
You visited 3 branches of the dungeon, and saw 22 of its levels.
You also visited: Bailey and Ice Cave.

You collected 1843 gold pieces.
You spent 778 gold pieces at shops.

Inventory:

Hand Weapons
 a - a +4 broad axe of freezing (weapon)
 b - a +0 fustibalus
Missiles
 k - 84 poisoned darts (quivered)
 l - 19 javelins
 n - 619 stones
 P - 26 sling bullets
Armour
 c - a +0 buckler (worn)
 h - a +2 pair of boots (worn)
 o - a +2 cloak (worn)
 X - a +0 helmet (worn)
 Y - a +2 plate armour of poison resistance (worn)
Jewellery
 j - a ring of resist corrosion
 p - the ring of Hirrakiusm (left hand) {+Blink rElec rF+ Int-3 Slay+6}
   (You bought it in a shop on level 2 of the Orcish Mines)

   [ring of protection from fire]

   Int:       It affects your intelligence (-3).
   Slay:      It affects your accuracy & damage with ranged weapons and melee
   (+6).
   rF:        It protects you from fire.
   rElec:     It insulates you from electricity.
   +Blink:    It lets you blink.
 q - a ring of poison resistance
 D - the ring of the Transparent Cherry (right hand) {rF+ rN+ AC+4}
   (You acquired it on level 10 of the Dungeon)

   [ring of protection]

   AC:        It affects your AC (+4).
   rF:        It protects you from fire.
   rN:        It protects you from negative energy.
 L - a ring of protection from fire
 R - a ring of magical power
 U - the amulet of Sockoces (around neck) {Faith Will+}
   (You found it on level 6 of the Lair of Beasts)

   [amulet of faith]

   It allows you to gain divine favour quickly.
   Will:      It increases your willpower.
Wands
 t - a wand of polymorph (22)
 u - a wand of flame (34)
 w - a wand of mindburst (4)
 z - a wand of digging (5)
 B - a wand of iceblast (12)
 E - a wand of charming (12)
 Q - a wand of paralysis (15)
Scrolls
 e - a scroll of brand weapon
 i - 9 scrolls of blinking
 s - a scroll of enchant armour
 x - a scroll of summoning
 y - 5 scrolls of fear
 A - 4 scrolls of fog
 H - 2 scrolls of torment
 O - 4 scrolls of teleportation {@r4}
Potions
 f - a potion of haste {@q3}
 g - 16 potions of curing {@q1}
 m - 2 potions of ambrosia
 r - 2 potions of mutation
 v - a potion of lignification
 F - 2 potions of degeneration {unknown}
 G - 4 potions of flight
 J - 3 potions of brilliance {unknown}
 M - a potion of cancellation
 N - 4 potions of might
 S - a potion of experience {unknown}
 V - 2 potions of attraction {unknown}
 Z - 2 potions of resistance {unknown}
Miscellaneous
 K - a condenser vane (inert)
 W - a tin of tremorstones (2/2)


   Skills:
 - Level 18.0 Fighting
 * Level 11.8 Axes
 - Level 12.0 Slings
 - Level 14.7 Armour
 + Level 6.2 Shields
 - Level 9.0 Invocations
 - Level 10.0 Evocations


You had 15 spell levels left.
You didn't know any spells.
Your spell library contained the following spells:

 Spells                   Type           Power      Damage    Failure   Level
 Beastly Appendage        Tmut           0%         N/A       99%         1
 Sandblast                Erth           0%         2d4       99%         1
 Blink                    Tloc           N/A        N/A       100%        2
 Passwall                 Tmut/Erth      0%         N/A       100%        2
 Sublimation of Blood     Necr           0%         N/A       100%        2
 Wereblood                Tmut           0%         N/A       100%        2
 Spider Form              Tmut/Pois      0%         N/A       100%        3
 Stone Arrow              Conj/Erth      0%         3d7       100%        3
 Swiftness                Air            0%         N/A       100%        3
 Animate Dead             Necr           0%         N/A       100%        4
 Borgnjor's Vile Clutch   Necr/Erth      0%         N/A       100%        5
 Death Channel            Necr           0%         N/A       100%        6
 Invisibility             Hex            0%         N/A       100%        6
 Summon Hydra             Summ           0%         N/A       100%        7
 Disjunction              Tloc           0%         N/A       100%        8
 Lehudib's Crystal Spear  Conj/Erth      0%         10d2      100%        8


Dungeon Overview and Level Annotations

Branches:
Dungeon (14/15)            Temple (0/1) D:5            Lair (6/6) D:8
  Swamp (0/4) Lair:3       Spider (0/4) Lair:4        Slime (0/5) Lair:6
    Orc (2/2) D:11            Elf (0/3) Orc:2        Vaults (0/5) D:13
 Bailey (1/1)               IceCv (visited)

Altars:
Dithmenos
Elyvilon
Hepliaklqana
Ru
Sif Muna
Trog
Uskayaw
Vehumet
Wu Jian
Xom
Yredelemnul
Zin
The Shining One
Jiyva

Shops:
Orc:2 *=*(

Annotations:
D:3 exclusion: door
D:13 5 runed translucent doors
Lair:1 2 transporters
Lair:3 1 transporter, mitch45678's ghost, journeyman HOBr
Lair:6 1 runed translucent door


Innate Abilities, Weirdness & Mutations

Your life essence is reduced to manifest your ancestor. (-10% HP)
You possess an exceptional clarity of mind.
You are weak. (Str -2)


Message History

The orc warlord is heavily wounded.
The bolt of acid hits the orc knight!
The acid corrodes the orc knight!
The orc knight is almost dead.
Aiming: Corrosive Bolt
Press: ? - help, Shift-Dir - straight line, f/p - orc warlord
Aim: an orc warlord, wielding a +1 vampiric war axe, wearing a +0 plate armour and wearing a +0 tower shield (heavily wounded, strong, covered in acid, 92% to hit)
The bolt of acid hits the orc warlord!
The orc warlord is heavily wounded.
The bolt of acid hits the orc knight!!
The orc knight seems to be corroded for longer.
You kill the orc knight!
The now-empty wand crumbles to dust.
The orc warlord hits you with a +1 vampiric war axe.
You have reached level 16!
You feel much better.
The orc warlord hits you with a +1 vampiric war axe!!
The orc warlord draws strength from your wounds!
You feel very mighty all of a sudden.
The orc warlord hits you but does no damage.
The orc warlord blocks your attack.
The orc warlord is heavily wounded.
The orc warlord hits you with a +1 vampiric war axe!
You slash the orc warlord! You freeze the orc warlord.
The orc warlord is severely wounded.
You block the orc warlord's attack.
You slash the orc warlord! You freeze the orc warlord.
The orc warlord is severely wounded.
You slash the orc warrior! You freeze the orc warrior.
The orc warlord is no longer covered in acid.
The orc warrior closely misses you.
The orc warlord hits you with a +1 vampiric war axe!!
* * * LOW HITPOINT WARNING * * *
The orc warlord draws strength from your wounds!
You completely miss the orc warlord.
The orc warlord is severely wounded.
You closely miss the orc warrior.
The orc warrior hits you with a +0 war axe!!
* * * LOW HITPOINT WARNING * * *
The orc warlord hits you with a +1 vampiric war axe!!
You die...

♣##'''##♣♣ ##.....## #.......#
##.......## #.........#
##...).....##
#######...).⌠.....#######
##.....##.))o.....##.....##
#......)'..@o..)..'.......#
##......)##.......##.......##
#.........#.......#.........#
##.........##.....##.........#
#.....⌠.....#######.....⌠.....
##.........## ##.........#
#.........# #...o.....#
##.......## ##.o.....##
#.......# #.......#


You could see an orc warlord (strong) and an orc warrior (strong).

Vanquished Creatures
  A dire elephant (Lair:6)
  Snorg (D:12)
  Josephine (Lair:6)
  3 boulder beetles
  A catoblepas (Lair:6)
  A hydra (D:13)
  3 vault guards (D:13)
  4 two-headed ogres
  2 death knights
  6 death yaks
  A fire crab (Lair:5)
  Pikel (D:8)
  A wizard (D:10)
  4 orc knights
  2 ugly things
  3 cyclopes
  A manticore (D:11)
  A moth of wrath (Lair:3)
  8 elephants
  4 black mambas (Lair:5)
  An ice statue (IceCv)
  10 cane toads
  A gargoyle (D:13)
  2 torpor snails (Lair:5)
  5 komodo dragons
  3 freezing wraiths
  3 entropy weaver simulacra (IceCv)
  2 ice devils (IceCv)
  A troll (D:11)
  2 polar bears
  2 hellwings (D:12)
  3 blink frogs
  A hornet (D:9)
  2 slime creatures (D:13)
  A meliai zombie (D:10)
  10 dream sheep
  A shadow (D:13)
  2 dire elephant simulacra (IceCv)
  4 wraiths
  2 vampires
  19 yaks
  3 wyverns
  3 basilisks
  2 vampire mosquitoes (D:13)
  2 large abominations (D:10)
  2 wargs (Orc:2)
  2 harpy simulacra (IceCv)
  3 small abominations (D:10)
  An acid dragon (D:9)
  29 orc warriors
  7 water moccasins
  An ice beast (D:5)
  4 necrophages
  2 black bears
  6 wolves
  An ogre (Orc:2)
  9 centaurs
  A lemure (D:8)
  2 phantoms
  Blork the orc (D:4)
  2 kobold brigands (D:9)
  7 bullfrogs
  A gnoll sergeant (D:5)
  A wyvern zombie (D:7)
  A water moccasin zombie (D:7)
  4 scorpions
  8 wights (D:8)
  4 killer bees
  An electric eel (Lair:5)
  5 howler monkeys
  A bullfrog skeleton (D:5)
  2 centaur zombies
  2 jellies
  A hound (D:6)
  3 orc priests
  2 centaur skeletons
  An iguana (D:6)
  2 hell rats (Lair:6)
  15 orc wizards
  A polar bear simulacrum (Lair:3)
  A spriggan simulacrum (IceCv)
  A yak simulacrum (Lair:3)
  A killer bee zombie (D:7)
  A mummy (D:7)
  A howler monkey zombie (D:9)
  19 gnolls
  A naga simulacrum (IceCv)
  8 adders
  A shadow imp (D:7)
  7 white imps
  2 worms (D:3)
  6 dart slugs (D:3)
  62 orcs
  12 ball pythons
  4 endoplasms
  9 giant cockroaches
  26 goblins
  19 hobgoblins
  4 jackals (D:1)
  17 kobolds
  8 quokkas
  9 bats
  A frilled lizard (D:3)
  7 rats
  4 river rat simulacra (Lair:3)
  A butterfly (Lair:6)
503 creatures vanquished.

Vanquished Creatures (collateral kills)
  Rupert (Lair:4)
  A reaper (IceCv)
  Fannar (Lair:2)
  3 hydras
  2 boulder beetles
  A vault guard (D:13)
  2 centaur warriors (D:13)
  2 two-headed ogres
  A deep troll shaman (Lair:6)
  3 death yaks
  Sonja (Lair:1)
  3 skeletal warriors
  A necromancer (Lair:3)
  An orc knight (Orc:2)
  3 large abominations (D:10)
  2 cyclopes (D:11)
  An orc sorcerer (Orc:2)
  Maurice (D:8)
  6 black mambas
  4 elephants
  6 cane toads
  An ice statue (IceCv)
  A centaur skeleton (D:12)
  2 unseen horrors
  6 komodo dragons
  5 ice devils (IceCv)
  A rime drake (Lair:5)
  2 freezing wraiths (D:13)
  A hellwing (D:12)
  An efreet (D:13)
  A troll (D:12)
  5 blink frogs
  4 dream sheep (Lair:1)
  2 wyverns
  4 wraiths
  3 dire elephant simulacra (IceCv)
  13 yaks
  2 basilisks
  2 wargs
  10 water moccasins
  4 small abominations (D:10)
  14 orc warriors
  A black bear (Lair:2)
  A sky beast (D:7)
  3 ogres
  10 wolves
  3 necrophages (D:7)
  5 centaurs
  A lemure (D:8)
  10 bullfrogs
  A kobold brigand (D:6)
  7 killer bees
  3 wights (D:8)
  4 howler monkeys
  A bullfrog zombie (D:7)
  7 centaur zombies
  A human zombie (D:7)
  4 orc priests
  11 orc wizards
  A yak simulacrum (Lair:3)
  2 hell rats (Lair:6)
  2 wolf simulacra (Lair:3)
  8 white imps
  11 orcs
  2 goblins (Bailey)
  3 hobgoblins (Bailey)
  4 kobolds (D:9)
  2 river rat simulacra (Lair:3)
238 creatures vanquished.

Vanquished Creatures (others)
  A death yak (Lair:6)
  A wizard (D:6)
  30 battlemagi
  31 fungi
  48 plants
  4 toadstools (D:9)
115 creatures vanquished.

Grand Total: 856 creatures vanquished

Notes
Turn   | Place    | Note
-------+----------+-------------------------------------------
     0 | D:1      | freelancePsychic the Hill Orc Fighter began the quest for
                  | the Orb.
     0 | D:1      | Reached XP level 1. HP: 19/19 MP: 1/1
    60 | D:1      | Reached XP level 2. HP: 27/27 MP: 2/2
   442 | D:1      | Reached skill level 4 in Fighting
   532 | D:1      | Reached XP level 3. HP: 31/33 MP: 3/3
   592 | D:1      | Found a faded altar of an unknown god.
  1148 | D:2      | Reached XP level 4. HP: 40/40 MP: 4/4
  1957 | D:3      | Reached skill level 1 in Slings
  2343 | D:3      | Noticed a sky beast
  2356 | D:3      | Reached XP level 5. HP: 37/47 MP: 5/5
  2566 | D:3      | Found a shadowy altar of Dithmenos.
  2947 | D:4      | Noticed a centaur
  3002 | D:4      | Found a hazy altar of Hepliaklqana.
  3100 | D:4      | Became a worshipper of Hepliaklqana the Forgotten
  3159 | D:4      | Killed a centaur
  3160 | D:4      | Reached skill level 5 in Fighting
  3160 | D:4      | Reached XP level 6. HP: 25/56 MP: 6/6
  3341 | D:4      | Noticed Blork the orc
  3353 | D:4      | Killed Blork the orc
  3360 | D:4      | Noticed a necrophage
  3373 | D:4      | Killed a necrophage
  3482 | D:4      | Identified the +6 whip "Wiomn" {flame, rPois rF+ rCorr
                  | Dex+3}
  3667 | D:4      | Found a sacrificial altar of Ru.
  3881 | D:4      | Reached XP level 7. HP: 62/62 MP: 7/7
  4032 | D:5      | Entered Level 5 of the Dungeon
  4046 | D:5      | Reached skill level 6 in Fighting
  4113 | D:5      | Found a radiant altar of Vehumet.
  4276 | D:5      | Reached skill level 5 in Slings
  4280 | D:5      | Found a staircase to the Ecumenical Temple.
  4728 | D:5      | Reached XP level 8. HP: 70/71 MP: 8/8
  4861 | D:5      | Reached * piety under Hepliaklqana
  4951 | D:5      | Reached skill level 7 in Fighting
  5425 | D:6      | Found a shimmering altar of Xom.
  5585 | D:6      | Found a shimmering blue altar of Sif Muna.
  5641 | D:6      | Reached skill level 8 in Fighting
  6176 | D:6      | Found a bloodstained altar of Trog.
  6179 | D:6      | Noticed a wizard
  6184 | D:6      | Killed a wizard
  6189 | D:6      | Upgraded the game from 0.28-a0-577-gb193047a1f to
                  | 0.28-a0-580-ga2639ab843
  6274 | D:7      | Reached ** piety under Hepliaklqana
  6275 | D:7      | Remembered your ancestor Tertia as a battlemage
  6381 | D:7      | Found a glowing golden altar of the Shining One.
  6452 | D:7      | Reached XP level 9. HP: 73/73 MP: 9/9
  6658 | D:7      | Reached skill level 9 in Fighting
  6677 | D:7      | Found a glowing silver altar of Zin.
  6779 | D:7      | Reached skill level 1 in Invocations
  6973 | D:7      | Found a basalt altar of Yredelemnul.
  7033 | D:7      | Reached skill level 5 in Armour
  7335 | D:7      | Found an ornate altar of the Wu Jian Council.
  7407 | D:8      | Noticed a two-headed ogre
  7432 | D:8      | Killed a two-headed ogre
  7433 | D:8      | Reached skill level 10 in Fighting
  7433 | D:8      | Reached XP level 10. HP: 72/83 MP: 12/14
  7528 | D:8      | Found a white marble altar of Elyvilon.
  7586 | D:8      | Found a staircase to the Lair.
  7586 | D:8      | Noticed Pikel
  7623 | D:8      | Killed Pikel
  7775 | D:8      | Noticed Maurice
  7791 | D:8      | Killed Maurice
  8033 | D:8      | Reached skill level 11 in Fighting
  8273 | D:9      | Reached *** piety under Hepliaklqana
  8430 | D:9      | Paralysed by a hornet for 3 turns
  8894 | D:9      | Reached XP level 11. HP: 83/91 MP: 16/16
  9269 | D:10     | Entered Level 10 of the Dungeon
  9300 | D:10     | Reached skill level 5 in Shields
  9332 | D:10     | Noticed a two-headed ogre
  9340 | D:10     | Killed a two-headed ogre
  9341 | D:10     | Reached skill level 10 in Armour
  9580 | D:10     | Found a hide-covered altar of Uskayaw.
  9741 | D:10     | Identified a scroll of acquirement
  9742 | D:10     | Acquired the ring of the Transparent Cherry {rF+ rN+ AC+4}
  9891 | D:10     | Reached **** piety under Hepliaklqana
  9995 | D:10     | Noticed a wizard
 10076 | Lair:1   | Entered Level 1 of the Lair of Beasts
 10176 | Lair:1   | Found a transporter.
 10188 | Lair:1   | Noticed Sonja
 10197 | Lair:1   | Killed Sonja
 10436 | Lair:1   | Found a transporter.
 10474 | Lair:1   | Reached skill level 12 in Fighting
 11284 | Lair:1   | Reached XP level 12. HP: 101/101 MP: 17/17
 11452 | Lair:2   | Reached skill level 13 in Fighting
 11855 | Lair:2   | Noticed Fannar
 11865 | Lair:2   | Killed Fannar
 11911 | Lair:2   | Noticed an eight-headed hydra
 12002 | Lair:3   | Reached skill level 1 in Evocations
 12132 | Lair:3   | Found a transporter.
 12139 | Lair:3   | Noticed mitch45678's ghost (journeyman HOBr)
 12256 | Lair:3   | Found a staircase to the Swamp.
 12289 | Lair:3   | Found a transporter.
 12326 | Lair:3   | Gained mutation: You are weak. (Str -2) [potion of
                  | mutation]
 12326 | Lair:3   | Gained mutation: You possess an exceptional clarity of
                  | mind. [potion of mutation]
 12777 | Lair:3   | Reached skill level 14 in Fighting
 12857 | Lair:3   | Reached skill level 10 in Slings
 13777 | Lair:4   | Reached XP level 13. HP: 112/112 MP: 19/19
 13941 | Lair:4   | Noticed Rupert
 13953 | Lair:4   | Found a hole to the Spider Nest.
 14307 | Lair:4   | Reached skill level 5 in Evocations
 14414 | Lair:4   | Killed Rupert
 14415 | Lair:4   | Reached skill level 15 in Fighting
 14498 | Lair:4   | Got the Handbook of the Earthen Compass
 16979 | Lair:5   | Reached skill level 16 in Fighting
 17089 | Lair:5   | Reached XP level 14. HP: 116/123 MP: 20/20
 17188 | Lair:6   | Entered Level 6 of the Lair of Beasts
 17348 | Lair:6   | Noticed Josephine
 17362 | Lair:6   | Killed Josephine
 17456 | Lair:6   | Reached ***** piety under Hepliaklqana
 18254 | Lair:6   | Found a runed translucent door.
 18255 | Lair:6   | Found a viscous altar of Jiyva.
 18255 | Lair:6   | Found a staircase to the Slime Pits.
 19122 | Lair:6   | Reached skill level 17 in Fighting
 19187 | Lair:6   | Noticed a dire elephant
 19239 | Lair:6   | Killed a dire elephant
 19488 | Lair:6   | Identified the amulet of Sockoces {Faith Will+}
 20391 | D:10     | Identified the +2 ring mail of Nihilism {Drain rElec Dex+4
                  | SInv}
 20919 | D:11     | Found a staircase to the Orcish Mines.
 21063 | D:11     | Reached skill level 10 in Evocations
 21340 | Orc:1    | Entered Level 1 of the Orcish Mines
 21575 | Orc:2    | Entered Level 2 of the Orcish Mines
 21638 | Orc:2    | Reached XP level 15. HP: 133/133 MP: 21/21
 21643 | Orc:2    | Found a staircase to the Elven Halls.
 22142 | Orc:2    | Reached skill level 18 in Fighting
 22254 | Orc:2    | Found Juotady's Jewellery Shop.
 22254 | Orc:2    | Found Anusch's Assorted Antiques.
 22260 | Orc:2    | Found Mouruzul's Weapon Emporium.
 22262 | Orc:2    | Found Usumi's General Store.
 22288 | Orc:2    | Bought the ring of Hirrakiusm {+Blink rElec rF+ Int-3
                  | Slay+6} for 778 gold pieces
 22947 | D:12     | Found a frozen archway.
 22974 | IceCv    | Entered an ice cave
 23028 | IceCv    | Reached skill level 5 in Axes
 24768 | IceCv    | Found the +4 skin of Zhor {*Englaciate rC+++ SInv}
 25229 | D:12     | Noticed Snorg
 25232 | D:12     | Killed Snorg
 25630 | D:12     | Found the +4 Cigotuvi's embrace {rMiasma Drain rN+}
 25943 | D:13     | Reached ****** piety under Hepliaklqana
 26255 | D:13     | Found a runed translucent door.
 26255 | D:13     | Noticed an emperor scorpion
 26256 | D:13     | Found a runed translucent gate.
 26257 | D:13     | Found a runed translucent gate.
 26264 | D:13     | Found a runed translucent door.
 26265 | D:13     | Found the +9 staff of Olgreb {rPois∞}
 26982 | D:13     | Reached skill level 10 in Axes
 27748 | D:13     | Found a gate to the Vaults.
 28166 | D:13     | Noticed an emperor scorpion
 28167 | D:13     | Found a runed translucent gate.
 28280 | D:14     | Found a flagged portal.
 28288 | Bailey   | Entered a bailey
 28528 | Bailey   | Noticed an orc warlord
 28581 | Bailey   | Reached XP level 16. HP: 58/141 MP: 22/22
 28586 | Bailey   | Mangled by an orc warlord

Illustrated notes

Levels and vault maps discovered:
D:1:      psy_arrival_basics, layout_basic, chequers_ecumenical_altar_twisty
D:2:      layout_loops_ring, moated_statue
D:3:      layout_loops_ring, nicolae_dithmenos_the_darkroom, minmay_pentangle
D:4:      layout_basic, mainiacjoe_overflow_surrounded_room,
          nicolae_ru_path_of_blood, uniq_blork_the_orc
D:5:      layout_basic, lemuel_tele_altar, minmay_temple_entry_grid
D:6:      layout_cave_pods, trog_wizard, mainiacjoe_overflow_alcove_1,
          mainiacjoe_overflow_paths
D:7:      layout_loops_cross, lemuel_mausoleum_altar_yredelemnul,
          mainiacjoe_overflow_brackets, tso_metal_star,
          mainiacjoe_overflow_tiny_flanked
D:8:      layout_cave_pools, elyvilon_altar_5, dpeg_oklobed_lair,
          minmay_checkerbox, uniq_maurice, uniq_pikel
D:9:      layout_roguey, minmay_gold_behind_fungi, solitary_fountain
D:10:     layout_cave_pools, eat_drink_and_be_merry_uskayaw, laboratory
D:11:     layout_long_grid, orc_0_dummy, minmay_misc_feat_square
D:12:     layout_loops_ring, portal_ice_cave_entry_imps,
          hellmonk_guarded_unrand_cigotuvi, uniq_snorg
D:13:     layout_long_grid, lightli_vaults_fourway_checkpoint,
          minmay_guarded_unrand_staff_of_olgreb
D:14:     kennysheep_big_flooded_room, layout_basic, enter_bailey_2,
          serial_rivers, chequers_serial_rivers_room_a,
          chequers_serial_rivers_micro_c, chequers_serial_rivers_large_b,
          chequers_serial_rivers_micro_a, minmay_fountain_box,
          kennysheep_path_1, nicolae_specific_store, minmay_misc_feat_nine_boxes
Lair:1:   gammafunk_worm_tunnel, layout_cellular_growth, grunt_megastairs_5,
          uniq_sonja
Lair:2:   layout_loops_ring, uniq_fannar
Lair:3:   layout_loops_ring, swamp_mist, gammafunk_ghost_berserking_beasts,
          eino_house_with_fridge, lemuel_fruit_tree, grunt_megastairs_4
Lair:4:   layout_small_grid, dummy_spider_entry, gauntlet_entry_generic,
          grunt_megastairs_3, uniq_rupert
Lair:5:   nzn_winding_woodlands_huge [nzn_winding_woodlands_5x15_crooked,
          nzn_winding_woodlands_5x15_parted, nzn_winding_woodlands_5x15_default,
          nzn_winding_woodlands_5x15_pool, nzn_winding_woodlands_5x15_pockets,
          nzn_winding_woodlands_5x15_pathside_ponds,
          nzn_winding_woodlands_5x15_sawtooth,
          nzn_winding_woodlands_5x15_zeroes, nzn_winding_woodlands_5x15_default,
          nzn_winding_woodlands_5x15_twine, nzn_winding_woodlands_center_lodge,
          nzn_winding_woodlands_center_garden,
          nzn_winding_woodlands_15x15_eel_pit], layout_regular_city,
          guppyfry_lair_drakes
Lair:6:   grunt_lair_end_beastmaster, layout_cellular_growth, slime_altar_2,
          lemuel_fruit_fields, uniq_josephine
Orc:1:    layout_diamond_mine
Orc:2:    st_orc_rangers, layout_diamond_mine, mines_bat_river
Bailey:   bailey_axe_minmay_hex_keep, bailey

Skill      XL: |  1  2  3  4  5  6  7  8  9 10 11 12 13 14 15 |
---------------+----------------------------------------------+-----
Axes           | 3 4 11 | 11.8
Fighting       | 4 5 6 8 10 11 12 14 16 17 18 | 18.0
Slings         | 1 2 4 5 7 8 10 11 12 | 12.0
Shields        | 4 6 |  6.2
Armour         | 6 9 11 12 14 | 14.7
Invocations    | 6 7 9 |  9.0
Evocations     | 4 7 10 | 10.0

Action                   |  1- 3 |  4- 6 |  7- 9 | 10-12 | 13-15 | 16-18 || total
-------------------------+-------+-------+-------+-------+-------+-------++-------
Melee: War axe           |   114 |    64 |    12 |       |       |       ||   190
       Fustibalus        |       |       |     1 |     1 |       |       ||     2
       Broad axe         |       |       |       |       |   294 |     4 ||   298
 Fire: Fustibalus        |     7 |   128 |   280 |   598 |  1034 |       ||  2047
Throw: Dart              |       |       |     6 |    55 |       |       ||    61
       Throwing net      |       |       |       |       |     1 |       ||     1
Invok: Ancestor Life: Ba |       |       |     1 |       |       |       ||     1
       Ancestor Identity |       |       |       |     1 |       |       ||     1
       Idealise          |       |       |       |     3 |     5 |       ||     8
       Recall Ancestor   |       |       |       |     1 |     1 |       ||     2
Evoke: Wand              |       |       |       |     2 |    32 |       ||    34
       Condenser vane    |       |       |       |     1 |     4 |       ||     5
       Tin of tremorston |       |       |       |       |     2 |       ||     2
  Use: Scroll            |     4 |     2 |     7 |    11 |    11 |       ||    35
       Potion            |       |     1 |     4 |     5 |     4 |     2 ||    16
 Stab: Distracted        |       |       |       |       |     6 |       ||     6
       Invisible         |       |       |       |       |     5 |       ||     5
Armor: Scale mail        |    71 |    77 |    29 |       |       |       ||   177
       Chain mail        |       |       |    18 |       |       |       ||    18
       Plate armour      |       |       |    26 |   229 |   483 |     1 ||   739
Dodge: Dodged            |    70 |    58 |    58 |    80 |   194 |     1 ||   461
Block: Buckler           |    28 |    26 |    31 |    71 |   168 |     1 ||   325

Table legend: (Time is in decaauts)
 A = Elapsed time spent in this place.
 B = Non-inter-level travel time spent in this place.
 C = Inter-level travel time spent in this place.
 D = Time resting spent in this place.
 E = Time spent auto-exploring this place.
 F = Levels seen in this place.
 G = Mean time per level.
                   A        B        C        D        E       F      G
               +--------+--------+--------+--------+--------+-----+--------+
         Total |  28565 |  27128 |   1437 |   2314 |  19124 |  24 | 1190.2 |
       Dungeon |  14969 |  14209 |    760 |   1087 |  10528 |  14 | 1069.2 |
          Lair |   9781 |   9257 |    524 |    917 |   6062 |   6 | 1630.2 |
  Orcish Mines |   1492 |   1340 |    152 |      0 |    925 |   2 |  746.0 |
        Bailey |    299 |    299 |      0 |      0 |     84 |   1 |  299.0 |
      Ice Cave |   2022 |   2022 |      0 |    310 |   1524 |   1 | 2022.0 |
               +--------+--------+--------+--------+--------+-----+--------+

Top non-repeatable levels by time:
  Lair:5: 2895 daAuts
   IceCv: 2022 daAuts
  Lair:3: 1911 daAuts
    D:12: 1851 daAuts
  Lair:6: 1635 daAuts
    D:13: 1553 daAuts
  Lair:1: 1496 daAuts
  Lair:4: 1365 daAuts
     D:6: 1291 daAuts
   Orc:2: 1236 daAuts
    D:10: 1206 daAuts
     D:9: 1138 daAuts
     D:4: 1084 daAuts
     D:5: 1056 daAuts
     D:3: 1053 daAuts
